 Dungeon Crawl Stone Soup version 0.31-a0-986-g5e6e4ef867 (webtiles) character file.

Game seed: 18317667655021094033

0 skwerlee the Conjurer (level 1, 9/12 HPs)
             Began as a Gargoyle Reaver on Nov 12, 2023.
             Quit the game on level 1 of the Dungeon.
             The game lasted 00:00:33 (90 turns).

skwerlee the Conjurer (Gargoyle Reaver)               Turns: 90, Time: 00:00:34

Health: 9/12       AC:  5    Str: 15    XL:     1   Next: 10%
Magic:  3/3        EV: 11    Int: 13    God:
Gold:   17         SH:  0    Dex:  8    Spells: 3/4 levels left

rFire   . . .        a - +0 hand axe
rCold   . . .        (no shield)
rNeg    + . .        b - +0 leather armour
rPois   ∞            (no helmet)
rElec   +            (no cloak)
rCorr   .            (no gloves)
SInv    .            (no boots)
Will    .....        (no amulet)
Stlth   +            (no ring)
HPRegen 0.22/turn    (no ring)
MPRegen 0.08/turn

%: no passive effects
@: no status effects
A: sickness immunity, AC +2, negative energy resistance 1, electricity
resistance, torment resistance 1, petrification resistance
a: no special abilities


You were on level 1 of the Dungeon.
You visited 1 branch of the dungeon, and saw 1 of its levels.

You collected 17 gold pieces.

Inventory:

Hand Weapons
 a - a +0 hand axe (weapon)
Armour
 b - a +0 leather armour (worn)


   Skills:
 + Level 2.1 Fighting
 + Level 2.6 Axes
 - Level 1.5 Dodging
 + Level 2.0 Spellcasting
 + Level 3.3 Conjurations


You had 3 spell levels left.
You knew the following spells:

 Your Spells              Type           Power      Damage    Failure   Level
a - Kiss of Death         Conj/Necr      20%        2d7       16%         1

Your spell library contained the following spells:

 Spells                   Type           Power      Damage    Failure   Level
 Momentum Strike          Conj/Tloc      10%        3d8       24%         2
 Hailstorm                Conj/Ice       5%         3d4       43%         3


Dungeon Overview and Level Annotations

Branches:
Dungeon (1/15)

Altars:


Innate Abilities, Weirdness & Mutations

You are immune to sickness and miasma.
Your stone body is resilient. (AC +2)
You are immune to poison.
You resist negative energy. (rN+)
You are resistant to electric shocks. (rElec)
You are resistant to unholy torment.
You are immune to petrification.


Message History

A bat is nearby!
You closely miss the bat. The bat hits you but does no damage.
A bat is nearby!
The bat barely misses you.
A bat is nearby!
You closely miss the bat. Your punch misses the bat. The bat misses you.
The bat hits you but does no damage.
A bat is nearby!
A bat is nearby!
You miss the bat. The bat completely misses you.
A bat is nearby!
The bat hits you but does no damage. The bat barely misses you.
A bat is nearby!
You hit the bat but do no damage. The bat closely misses you.
The bat hits you but does no damage.
A bat is nearby!
You miss the bat. The bat hits you but does no damage.
The bat closely misses you.
A bat is nearby!
You hit the bat.
You kill the bat!
Found 2 stones.
No target in view!
You now have 17 gold pieces (gained 14).
You see here 2 stones.
A quokka comes into view.
You see here 2 gold pieces.
A quokka is nearby!
A quokka is nearby!
You hit the quokka but do no damage. The quokka barely misses you.
The quokka bites you but does no damage.
A quokka is nearby!
You barely miss the quokka. The quokka barely misses you.
A quokka is nearby!
You barely miss the quokka. The quokka barely misses you.
A quokka is nearby!
A quokka is nearby!
You miss the quokka. The quokka bites you. The quokka barely misses you.
A quokka is nearby!
Are you sure you want to abandon this character and quit the game? (Confirm with "yes".)

# #####.####
#.$@r....#
#.###....# #.#
####
##########.#
#####..........#
#.......(####..#
#####...## #..#
~~~~~..## ##..#
~~###.## ##...##


You could see a quokka.

Vanquished Creatures
  A bat (D:1)
1 creature vanquished.

Notes
Turn   | Place    | Note
-------+----------+-------------------------------------------
     0 | D:1      | skwerlee the Gargoyle Reaver began the quest for the Orb.
     0 | D:1      | Reached XP level 1. HP: 12/12 MP: 3/3
    90 | D:1      | Quit the game

Illustrated notes

Levels and vault maps discovered:
D:1:      grunt_arrival_lava_bath, layout_loops_ring,
          shapermc_ecumenical_altar_mp_vishouse, serial_rivers,
          chequers_serial_rivers_small_3, chequers_serial_rivers_micro_a,
          chequers_serial_rivers_micro_d, chequers_serial_rivers_large_b,
          chequers_serial_rivers_marsh, chequers_serial_rivers_large_a,
          serial_shops, shop, minmay_shallow_snake_nest

Action                     || total
---------------------------++-------
  Melee: Hand axe          ||    11
 Armour: Leather armour    ||     7
  Dodge: Dodged            ||    14

Table legend: (Time is in decaauts)
 A = Elapsed time spent in this place.
 B = Non-inter-level travel time spent in this place.
 C = Inter-level travel time spent in this place.
 D = Time resting spent in this place.
 E = Time spent auto-exploring this place.
 F = Levels seen in this place.
 G = Mean time per level.
                   A        B        C        D        E       F      G
               +--------+--------+--------+--------+--------+-----+--------+
         Total |     92 |     92 |      0 |      0 |     70 |   1 |   92.0 |
       Dungeon |     92 |     92 |      0 |      0 |     70 |   1 |   92.0 |
               +--------+--------+--------+--------+--------+-----+--------+

Top non-repeatable levels by time:
     D:1: 92 daAuts
